Map: Acropolis LE

Players

pHARM

  • Race: Zerg Zerg
  • League: Platinum
  • Spawn Location: 5:00

ITACHI - Winner!

  • Race: Terran Terran
  • League: Diamond
  • Spawn Location: 11:00

VOD

Have the link to the VOD?

Description

Time

  • Played on: Oct. 6, 2019, 2:42 a.m.
  • Length: 12:25
Show
View Real Time Build Order
Export as new Build Order

pHARM Zerg 

Build Orders: Hatch First 

Get SALT Encoding   

  12  0:02  Drone  
  13  0:22  Overlord  
  13  0:23  Drone  
  14  0:40  Drone x2  
  16  1:09  Drone x3  
  19  1:15  Hatchery  
  19  1:16  Spawning Pool  
  19  1:32  Drone x2  
  19  1:39  Extractor  
  18  1:46  Drone  
  19  2:08  Drone x2  
  21  2:14  Overlord  
  21  2:23  Queen, Hatchery  
  22  2:30  Zergling x2  
  22  2:31  Zergling x2  
  22  2:32  Queen  
  26  2:46  Drone x3  
  29  3:16  Queen  
  29  3:18  Drone x5  
  36  3:35  Drone x6  
  36  3:37  Overlord  
  36  3:40  Metabolic Boost  
  42  3:46  Baneling Nest  
  42  3:47  Evolution Chamber x2  
  42  3:48  Drone x3  
  42  4:06  Pneumatized Carapace  
  42  4:07  Drone x2  
  42  4:08  Drone x6  
  50  4:13  Zerg Melee Weapons Level 1  
  50  4:19  Extractor  
  50  4:20  Extractor  
  48  4:40  Drone  
  48  4:45  Drone  
  50  4:46  Overlord x3  
  50  4:47  Overlord x2  
  50  5:06  Lair  
  50  5:10  Zerg Ground Armor Level 1  
  50  5:13  Zergling x24  
  62  5:21  Baneling x2  
  62  5:27  Zergling x8  
  60  6:10  Baneling x8  
  60  6:15  Drone x10  
  70  6:22  Hydralisk Den  
  70  6:23  Infestation Pit  
  70  6:24  Extractor, Drone x3  
  66  6:56  Spore Crawler  
  66  6:57  Spore Crawler  
  47  7:06  Spore Crawler  
  46  7:20  Drone x9  
  55  7:30  Zerg Melee Weapons Level 2, Zerg Ground Armor Level 2  
  55  7:39  Extractor x2  
  55  7:42  Spore Crawler  
  51  7:53  Hatchery  
  50  8:12  Hive  
  50  8:15  Drone x12  
  62  8:37  Spire  
  61  8:47  Zergling x14  
  61  9:07  Zergling x2  
  61  9:08  Zergling x12  
  67  9:15  Drone x2  
  69  9:17  Queen x2  
  73  9:53  Queen  
  73  9:54  Ultralisk Cavern  
  73  9:56  Corruptor  
  76  10:03  Drone x8  
  71  10:17  Drone x5  
  76  10:28  Centrifical Hooks  
  76  10:41  Drone  
  77  11:00  Overlord x9  
  77  11:20  Corruptor x3  
  83  11:42  Drone  
  83  11:43  Drone x7  
  89  12:14  Hatchery  
Show
View Real Time Build Order
Export as new Build Order

ITACHI Terran - Winner!

Build Orders: Reaper Expand 

Get SALT Encoding   

  12  0:01  SCV  
  13  0:13  SCV  
  14  0:18  Supply Depot  
  14  0:25  SCV  
  15  0:39  SCV  
  15  0:41  Barracks  
  16  0:44  Refinery  
  16  0:51  SCV  
  17  1:03  SCV  
  18  1:15  SCV  
  19  1:28  Orbital Command, Reaper  
  20  1:42  Command Center  
  21  1:54  SCV  
  21  1:57  Barracks  
  21  2:01  Barracks Reactor  
  21  2:06  SCV  
  22  2:09  Supply Depot  
  22  2:18  SCV  
  22  2:21  Refinery  
  23  2:31  SCV  
  23  2:35  Factory  
  24  2:39  Marine x2  
  24  2:43  SCV  
  27  2:47  Barracks Tech Lab  
  27  2:57  Marine x2  
  29  3:03  Orbital Command  
  28  3:07  Marine, Stimpack  
  29  3:16  Marine  
  29  3:17  Marine  
  29  3:18  SCV  
  32  3:25  Marine, Starport  
  32  3:26  Factory Reactor  
  33  3:33  SCV x2  
  35  3:34  Marine  
  35  3:39  Supply Depot  
  35  3:40  Marine  
  37  3:43  Marine  
  39  3:48  SCV  
  39  3:50  SCV  
  39  3:52  Marine  
  41  3:58  Marine  
  41  4:00  SCV  
  41  4:01  Marine  
  41  4:02  SCV, Supply Depot  
  45  4:10  Marine  
  45  4:14  Factory Tech Lab, Medivac x2  
  45  4:16  Marine  
  51  4:18  SCV  
  51  4:19  Marine  
  53  4:25  SCV  
  53  4:28  Marine, Supply Depot  
  53  4:30  SCV  
  56  4:33  Supply Depot  
  56  4:34  Marine, Refinery  
  56  4:38  Siege Tank  
  60  4:40  SCV  
  61  4:55  Liberator  
  61  4:56  Marine x3  
  61  4:57  SCV  
  61  4:58  SCV  
  66  5:05  Command Center  
  69  5:14  Marine x3, Medivac  
  69  5:18  SCV x2  
  76  5:23  Combat Shield  
  76  5:30  SCV x2  
  78  5:40  Marine x2  
  67  5:45  SCV x2  
  67  5:47  Marine  
  70  5:53  Barracks  
  70  5:54  Barracks  
  70  5:55  Barracks, Engineering Bay  
  70  5:56  Engineering Bay  
  70  5:57  SCV x2  
  70  5:58  Marine  
  73  6:07  Marine x2  
  75  6:19  Marine  
  75  6:20  SCV x2  
  75  6:25  Marine  
  79  6:26  Marine  
  79  6:28  Siege Tank, Medivac  
  79  6:29  Medivac  
  79  6:32  SCV  
  88  6:33  SCV  
  88  6:37  Marine  
  89  6:59  Marine  
  89  7:00  Marine  
  91  7:06  Marine x2  
  91  7:07  Marine  
  89  7:17  SCV x2  
  91  7:26  Marauder  
  91  7:29  Barracks Reactor, Barracks Tech Lab  
  93  7:30  Barracks Reactor  
  93  7:35  Factory  
  93  7:36  Refinery  
  93  7:56  Supply Depot  
  93  7:58  Supply Depot  
  93  8:13  Orbital Command  
  93  8:17  Marine x4, SCV x2, Marauder  
  101  8:24  Terran Infantry Armor Level 1, Terran Infantry Weapons Level 1  
  101  8:28  Armory  
  101  8:29  SCV x2  
  101  8:33  Barracks x2  
  103  8:35  Marine, Marauder, Barracks x2, Supply Depot  
  103  8:36  Supply Depot  
  103  8:37  Barracks, Supply Depot  
  103  8:39  Marauder  
  108  8:41  SCV  
  109  8:56  Marine x2, SCV x2  
  113  9:05  Marine x3, Marauder x2  
  113  9:06  Marine  
  113  9:08  SCV x2  
  113  9:09  Concussive Shells  
  123  9:14  Marine x2  
  123  9:16  Widow Mine  
  124  9:18  Medivac x2  
  124  9:20  SCV x2, Factory Reactor  
  124  9:23  Marine x2, Starport  
  132  9:26  Refinery x2  
  132  9:29  Supply Depot  
  132  9:32  SCV  
  133  9:41  Supply Depot x2  
  133  9:43  Supply Depot  
  133  9:47  Barracks Reactor  
  133  9:48  Barracks Reactor x2, Barracks Tech Lab  
  133  9:50  Barracks Tech Lab  
  133  9:51  Siege Tank  
  136  9:55  Medivac  
  136  9:56  Medivac  
  140  10:05  Supply Depot  
  140  10:06  Supply Depot  
  140  10:07  Supply Depot  
  140  10:09  Command Center  
  140  10:23  Siege Tank  
  140  10:26  Marine x3  
  140  10:27  Marine x4  
  140  10:28  Marine x2  
  152  10:35  Marine x2  
  152  10:36  Marine x2  
  152  10:37  Marauder x3  
  162  10:42  Sensor Tower  
  162  10:44  Marine x4  
  162  10:45  Marine x2  
  168  10:54  Marauder  
  168  10:55  Siege Tank  
  173  11:29  Marine x2  
  172  12:05  Marine x7  
  172  12:06  Marine  
  180  12:14  Starport Tech Lab  
Tags
 
Add a new tag
Caveats
  • Supply blocks, unpowered buildings, or Contaminate may cause inaccurate times.
  • Supply counts are checked every 10 seconds.